 Dungeon Crawl Stone Soup version 0.24.0-123-gd5b16e6ec5 (webtiles) character file.

Game seed: 6591879033636427698, levelgen mode: deterministic

135 Bombadil the Digger (level 4, -2/30 HPs)
             Began as a Vampire Earth Elementalist on Dec 17, 2019.
             Slain by a bullfrog (3 damage)
             ... on level 4 of the Dungeon.
             The game lasted 00:07:25 (4281 turns).

Bombadil the Digger (Vampire Earth Elementalist)    Turns: 4281, Time: 00:07:26

Health: -2/30      AC:  3    Str:  7    XL:     4   Next: 96%
Magic:  8/8        EV: 13    Int: 18    God:
Gold:   111        SH:  0    Dex: 14    Spells: 1/9 levels left

rFire    . . .     SeeInvis +   s - +0 rapier (protect)
rCold    . . .     Gourm    .   (no shield)
rNeg     . . .     Faith    .   c - +0 robe
rPois    .         Spirit   .   (no helmet)
rElec    .         Reflect  .   (no cloak)
rCorr    .         Harm     .   (no gloves)
MR       .....                  r - +0 pair of boots
Stlth    +.........             (no amulet)
HPRegen  0.30/turn              j - ring of flight
MPRegen  0.11/turn              (no ring)

@: regenerating quickly, very slow
A: no food, fangs 3, see invisible, unbreathing
a: Exsanguinate, Evoke Flight


You were on level 4 of the Dungeon.
You were alive.

You visited 1 branch of the dungeon, and saw 4 of its levels.
You also visited: Sewer.

You collected 111 gold pieces.

Inventory:

Hand Weapons
 s - a +0 rapier of protection (weapon)
Missiles
 e - 13 poisoned darts
 w - 23 stones (quivered)
Armour
 c - a +0 robe (worn)
 r - a +0 pair of boots (worn)
 x - a +2 plate armour of poison resistance
Jewellery
 i - an uncursed amulet of rage {unknown}
 j - a ring of flight (left hand)
Wands
 o - a wand of random effects (4)
Scrolls
 a - 3 scrolls of fear {unknown}
 b - 2 scrolls of noise {unknown}
 d - 7 scrolls of identify
 g - a scroll of enchant armour {unknown}
 m - a scroll of remove curse {unknown}
 u - a scroll of amnesia {unknown}
 v - a scroll of teleportation {unknown}
Potions
 f - a potion of curing {unknown}
 h - 3 potions of agility
 k - 2 potions of haste {unknown}
 l - 3 potions of heal wounds {unknown}
 n - a potion of ambrosia {unknown}
 p - 2 potions of magic {unknown}
 q - a potion of flight {unknown}
 t - a potion of resistance {unknown}


   Skills:
 + Level 0.1 Fighting
 + Level 0.4 Short Blades
 + Level 0.1 Throwing
 + Level 2.6 Dodging
 + Level 3.3 Stealth
 + Level 3.1 Spellcasting
 + Level 0.2 Conjurations
 * Level 1.6 Transmutations
 + Level 4.2 Earth Magic


You had one spell level left.
You knew the following spells:

 Your Spells              Type           Power        Failure   Level  Hunger
a - Sandblast             Erth           ###...       2%          1    N/A
b - Stone Arrow           Conj/Erth      ##....       19%         3    N/A
c - Petrify               Tmut/Erth      ##......     43%         4    N/A

Your spell library contained the following spells:

 Spells                   Type           Power        Failure   Level  Hunger
 Passwall                 Tmut/Erth      ##......     8%          2    N/A
 Lee's Rapid Deconstruct  Erth           ###.......   61%         5    N/A

Dungeon Overview and Level Annotations

Branches:
Dungeon (4/15)              Sewer (visited)
 Temple: D:4-7

Altars:
Ashenzari
Okawaru

Annotations:
D:3 2 transporters, Slyspawn's ghost, amateur DrBe


Innate Abilities, Weirdness & Mutations

You do not eat.
Your natural rate of healing is unusually fast.
You have razor-sharp teeth.
You have supernaturally acute eyesight. (SInv)
You can survive without breathing.


Message History

The bullfrog hits you. x2; The bullfrog closely misses you.
The bullfrog hits you.
Welcome back to the Dungeon!
There is a collapsed entrance here.
Unknown command.
The bullfrog barely misses you.
You enter the shallow water.
Moving in this stuff is going to be slow.
The bullfrog hits you!
* * * LOW HITPOINT WARNING * * *
The bullfrog barely misses you. The bullfrog misses you. The bullfrog hits you.
* * * LOW HITPOINT WARNING * * *
Unknown command.
As you read the scroll labeled FAFOJEKIFE, it crumbles to dust.
It is a scroll of identify.
h - 3 potions of agility The bullfrog hits you.
* * * LOW HITPOINT WARNING * * *
The bullfrog hits you.
You die...

##### ##..≈## ##≈..≈≈#
#≈.≈#≈†# #≈.≈#≈.# #≈.≈#≈.#
#≈FF#≈≈# #. #≈@≈#≈.# #.#
#≈≈≈#≈.# #.# ≈..≈##≈≈## #.#
#≈..###.≈.# #.# #### ##≈.#
#.# ###### ##.#
.######.####....###..#####
...........................
######<####.##.########.##


You could see 2 bullfrogs.

Vanquished Creatures
  3 adders (Sewer)
  2 gnolls (D:2)
  A worm (D:2)
  3 dart slugs
  3 leopard geckos
  An orc (D:2)
  3 ball pythons
  8 bats
  10 giant cockroaches
  4 goblins
  6 hobgoblins
  4 jackals (D:1)
  8 kobolds
  2 quokkas (D:2)
  9 frilled lizards
  A quokka skeleton (D:4)
  7 rats
75 creatures vanquished.

Notes
Turn   | Place    | Note
-------+----------+-------------------------------------------
     0 | D:1      | Bombadil the Vampire Earth Elementalist began the quest for
                  | the Orb.
     0 | D:1      | Reached XP level 1. HP: 13/13 MP: 3/3
   268 | D:1      | Reached XP level 2. HP: 19/19 MP: 3/5
   759 | D:1      | Reached XP level 3. HP: 14/24 MP: 6/6
   961 | D:1      | Learned a level 3 spell: Stone Arrow
  1988 | D:2      | Found an iron altar of Okawaru.
  2075 | D:2      | Reached skill level 4 in Earth Magic
  2168 | D:2      | Reached XP level 4. HP: 30/30 MP: 0/8
  3039 | D:3      | Found a shattered altar of Ashenzari.
  3243 | D:3      | Found a faded altar of an unknown god.
  3415 | D:3      | Found a transporter.
  3426 | D:3      | Found a transporter.
  3426 | D:3      | Noticed Slyspawn's ghost (amateur DrBe)
  3444 | D:3      | Learned a level 4 spell: Petrify
  3721 | D:4      | Found a glowing drain.
  3737 | Sewer    | Entered a sewer
  4256 | Sewer    | Noticed a bullfrog
  4267 | Sewer    | Noticed a bullfrog
  4280 | D:4      | HP: 1/30 [bullfrog (4)]
  4281 | D:4      | Slain by a bullfrog

Levels and vault maps discovered:
D:1:      saegor_arrival_simple_d, layout_basic
D:2:      layout_basic, okawaru_altar_gauntlet_db
D:3:      layout_basic, ashenzari_conservatory_becter,
          chequers_ecumenical_altar_simple_redux, gammafunk_ghost_gnarly_gnolls
D:4:      layout_basic, kennysheep_vampire_church,
          minmay_temple_entry_stoned_glass, gup_sewer_entry_pipe, first_ration

Skill      XL: |  1  2  3  4 |
---------------+-------------+-----
Earth Magic    | 4 |  4.2
Spellcasting   | 3 |  3.1
Fighting       | |  0.1
Short Blades   | |  0.4
Throwing       | |  0.1
Dodging        | |  2.6
Stealth        | |  3.3
Conjurations   | |  0.2
Transmutations | |  1.6

Action                   |  1- 3 |  4- 6 || total
-------------------------+-------+-------++-------
Melee: Rapier            |       |    50 ||    50
       Bite              |       |     4 ||     4
Throw: Dart              |     7 |       ||     7
       Stone             |     1 |       ||     1
 Cast: Sandblast         |    44 |    22 ||    66
       Stone Arrow       |    16 |    13 ||    29
  Use: Scroll            |       |     1 ||     1
Armor: Robe              |     5 |    29 ||    34
Dodge: Dodged            |    30 |    65 ||    95
